 Dungeon Crawl Stone Soup version 0.31-a0-188-g5e087ee2ca (webtiles) character file.

Game seed: 2280775699902899380

69 qw the Shooter (level 4, 0/25 HPs)
             Began as a Deep Elf Hunter on June 23, 2023.
             Slain by an orc
             ... wielding a +0 trident
              (4 damage)
             ... on level 3 of the Dungeon.
             The game lasted 00:00:35 (1432 turns).

qw the Shooter (Deep Elf Hunter)                    Turns: 1432, Time: 00:00:35

Health: 0/25       AC:  5    Str: 10    XL:     4   Next: 2%
Magic:  6/6        EV: 12    Int: 14    God:
Gold:   119        SH:  0    Dex: 18    Spells: 3/3 levels left

rFire   . . .        Y - +0 shortbow
rCold   . . .        (shield currently unavailable)
rNeg    . . .        h - +2 leather armour {Will+}
rPois   .            (no helmet)
rElec   .            (no cloak)
rCorr   .            (no gloves)
SInv    .            (no boots)
Will    +....        (no amulet)
Stlth   ++           (no ring)
HPRegen 0.24/turn    (no ring)
MPRegen 0.10/turn

%: no passive effects
@: no status effects
A: no striking features
a: no special abilities


You were on level 3 of the Dungeon.
You visited 1 branch of the dungeon, and saw 3 of its levels.

You collected 119 gold pieces.


   Skills:
 - Level 1.5 Fighting
 + Level 7.4 Ranged Weapons
 - Level 2.4 Dodging
 - Level 1.2 Stealth


You had 3 spell levels left.
You didn't know any spells.
Your spell library was empty.

Inventory:

Hand Weapons
 Y - a +0 shortbow (weapon)
Armour
 g - a +0 ring mail
 h - a +2 leather armour of willpower (worn)
Scrolls
 a - a scroll of fog {unknown}
 b - a scroll of blinking {unknown}
Potions
 d - a potion of might
 i - a potion of invisibility {unknown}
 j - a potion of haste {unknown}
 k - a potion of mutation {unknown}

Dungeon Overview and Level Annotations

Branches:
Dungeon (3/15)

Altars:
The Shining One


Message History

You shoot an arrow. The arrow hits the orc.
The orc is moderately wounded.
The orc barely misses you.
You shoot an arrow.
The arrow hits the orc but does no damage.
The orc is moderately wounded.
The orc hits you from afar with a +0 trident.
You shoot an arrow. The arrow barely misses the orc wizard.
The orc hits you from afar with a +0 trident.
The orc wizard closely misses you.
You shoot an arrow.
The arrow closely misses the orc wizard.
The orc hits you but does no damage.
The orc wizard hits you with a +0 dagger.
You shoot an arrow. The arrow barely misses the orc wizard.
The orc closely misses you.
The orc wizard hits you but does no damage.
You shoot an arrow.
The arrow closely misses the orc wizard.
The orc misses you.
The orc wizard hits you with a +0 dagger.
You shoot an arrow. The arrow barely misses the orc wizard.
The orc hits you from afar with a +0 trident.
The orc wizard hits you but does no damage.
You shoot an arrow. The arrow barely misses the orc wizard.
The orc misses you. The orc wizard casts a spell at you.
You resist with almost no effort.
You shoot an arrow.
The arrow hits the orc wizard but does no damage.
The orc hits you from afar with a +0 trident.
The orc wizard closely misses you.
You shoot an arrow.
The arrow hits the orc wizard but does no damage.
The orc misses you.
The orc wizard hits you with a +0 dagger.
You shoot an arrow.
The arrow closely misses the orc wizard.
The orc hits you from afar with a +0 trident.
You die...

####### #.....#
#.....############
.................#
..........#####..#
..............#..#
....)..........<@#
.###+####...###.o#
..#
#........o......
..+
................
..#
....###..##.#.#.
..... ...# .# #
..##.#### # . #


You could see an orc wizard and an orc.

Vanquished Creatures
  A gnoll (D:1)
  2 adders (D:2)
  A dart slug (D:1)
  4 endoplasms
  2 giant cockroaches
  4 hobgoblins
  3 jackals (D:2)
  4 kobolds
  8 ball pythons
  A bat (D:1)
  2 frilled lizards
  4 goblins
  2 rats (D:2)
38 creatures vanquished.

Notes
Turn   | Place    | Note
-------+----------+-------------------------------------------
     0 | D:1      | qw the Deep Elf Hunter began the quest for the Orb.
     0 | D:1      | Reached XP level 1. HP: 12/12 MP: 3/3
     0 | D:1      | 0 ||| qw: Version: 0.3-a-9-g12657ce
     0 | D:1      | 0 ||| qw: Game counter: 4298
     0 | D:1      | 0 ||| qw: Always use a shield: true
     0 | D:1      | 0 ||| qw: God list: Okawaru
     0 | D:1      | 0 ||| qw: Allow faded altars: false
     0 | D:1      | 0 ||| qw: Do Orc after D:15 true
     0 | D:1      | 0 ||| qw: Do second Lair branch before Depths: true
     0 | D:1      | 0 ||| qw: Lair rune preference: random
     0 | D:1      | 0 ||| qw: Plans: Normal
     0 | D:1      | 0 ||| PLANNING D:1-11
   252 | D:1      | Reached skill level 6 in Ranged Weapons
   252 | D:1      | Reached XP level 2. HP: 16/16 MP: 4/4
   667 | D:1      | Found a faded altar of an unknown god.
   674 | D:1      | 674 ||| UPGRADING to +0 ring mail.
   684 | D:1      | 684 ||| DROPPING +0 leather armour.
   685 | D:1      | 685 ||| UPGRADING to +2 leather armour of willpower.
   695 | D:1      | 695 ||| DROPPING ring of wizardry.
   696 | D:1      | 696 ||| READING scroll labelled LOHINAHERI.
   697 | D:1      | 697 ||| DRINKING 2 murky blue potions.
   698 | D:1      | 698 ||| DROPPING scroll of butterflies.
   731 | D:2      | Found a glowing golden altar of the Shining One.
   740 | D:2      | Reached XP level 3. HP: 20/20 MP: 5/5
   777 | D:2      | Reached skill level 7 in Ranged Weapons
  1320 | D:2      | Reached XP level 4. HP: 25/25 MP: 6/6
  1351 | D:2      | 1351 ||| READING scroll labelled QOLOYW NUHO.
  1352 | D:2      | 1352 ||| READING scroll labelled TANALA FIDUNUS.
  1413 | D:3      | 1413 ||| Stepping ~*~*~tactically~*~*~ (outnumbered).
  1415 | D:3      | 1415 ||| Stepping ~*~*~tactically~*~*~ (outnumbered).
  1417 | D:3      | 1417 ||| Stepping ~*~*~tactically~*~*~ (outnumbered).
  1418 | D:3      | 1418 ||| Stepping ~*~*~tactically~*~*~ (outnumbered).
  1419 | D:3      | 1419 ||| Stepping ~*~*~tactically~*~*~ (outnumbered).
  1431 | D:3      | HP: 4/25 [orc wizard/+0 dagger (3)]
  1432 | D:3      | Slain by an orc

Levels and vault maps discovered:
D:1:      lightli_arrival_boilingwater, layout_loops_ring,
          dilly_ecumenical_altar_fadedgnrine, dreamdust_wishing_well
D:2:      layout_loops_cross, basic_altar
D:3:      layout_basic, grunt_temple_overflow_cloverleaf, chequers_garden

Skill      XL: |  1  2  3 |
---------------+----------+-----
Ranged Weapons | 6 7 |  7.4
Fighting       | |  1.5
Dodging        | |  2.4
Stealth        | |  1.2

Action                     |  1- 3 |  4- 6 || total
---------------------------+-------+-------++-------
   Fire: Shortbow          |   105 |    22 ||   127
    Use: Scroll            |     1 |     2 ||     3
         Potion            |     1 |       ||     1
 Armour: Leather armour    |    17 |     4 ||    21
  Dodge: Dodged            |    34 |    11 ||    45

Table legend:
 A = Non-vault XP
 B = Vault XP
 C = Vault XP percentage of total XP
 D = Non-vault monster count
 E = Vault monster count
 F = Vault count percentage of total count
                 A         B        C        D         E       F
            +---------+---------+-------+---------+---------+-------
      Total |      99 |       0 |   0.0 |      38 |       0 |   0.0
            +---------+---------+-------+---------+---------+-------
        D:1 |      40 |       0 |   0.0 |      15 |       0 |   0.0
        D:2 |      58 |       0 |   0.0 |      22 |       0 |   0.0
        D:3 |       1 |       0 |   0.0 |       1 |       0 |   0.0
            +---------+---------+-------+---------+---------+-------
